 Dungeon Crawl Stone Soup version 0.23-a0-494-g91793a9 (webtiles) character file.

658 zishaf the Shooter (level 7, -4/60 HPs)
             Began as a Centaur Hunter on Dec 3, 2018.
             Was a Follower of Okawaru.
             Slain by Sigmund
             ... wielding a +3 scythe
              (10 damage)
             ... on level 5 of the Dungeon.
             The game lasted 00:10:52 (3740 turns).

zishaf the Shooter (Centaur Hunter)                 Turns: 3740, Time: 00:10:53

Health: -4/60      AC:  7    Str: 14    XL:     7   Next: 30%
Magic:  7/7        EV: 10    Int: 10    God:    Okawaru [*.....]
Gold:   196        SH:  0    Dex: 12    Spells: 6/6 levels left

rFire    . . .     SeeInvis .   a - +2 dagger (speed)
rCold    . . .     Gourm    .   (no shield)
rNeg     . . .     Faith    .   c - +0 leather armour
rPois    .         Spirit   .   r - +0 helmet
rElec    .         Reflect  .   C - +0 cloak
rCorr    .         Harm     .   k - +0 pair of gloves
MR       .....                  (no barding)
Stlth    +.........             p - amulet of regeneration
HPRegen  0.60/turn              F - ring of wizardry
MPRegen  0.10/turn              (no ring)

@: very quick
A: large, hooves 3, deformed body, speed 2, tough skin 3
a: Heroism, Renounce Religion


You were on level 5 of the Dungeon.
You worshipped Okawaru.
Okawaru was aware of your devotion.
You were not hungry.

You visited 1 branch of the dungeon, and saw 5 of its levels.
You also visited: Sewer.

You collected 196 gold pieces.

Inventory:

Hand Weapons
 a - a +2 dagger of speed (weapon)
 b - a +1 shortbow
 B - a +0 blowgun
 H - a +0 short sword
Missiles
 d - 26 arrows
 g - 6 javelins (quivered)
 A - 5 curare-tipped needles
 I - 19 poisoned needles
Armour
 c - a +0 leather armour (worn)
 k - a +0 pair of gloves (worn)
 r - a +0 helmet (worn)
 C - a +0 cloak (worn)
 J - a +0 chain mail
Jewellery
 p - an amulet of regeneration (around neck)
 F - a ring of wizardry (left hand)
Wands
 u - a wand of flame (19)
Scrolls
 h - 2 scrolls of amnesia {unknown}
 j - 4 scrolls of remove curse {unknown}
 m - a scroll of fear {unknown}
 n - 3 scrolls of identify {unknown}
 o - 2 scrolls of enchant weapon {unknown}
 q - 3 scrolls of enchant armour {2pack, unknown}
 v - a scroll of noise {unknown}
 x - a scroll of fog {unknown}
 y - 3 scrolls of random uselessness {unknown}
Potions
 e - 2 potions of resistance {unknown}
 i - a potion of mutation {unknown}
 l - 3 potions of heal wounds {unknown}
 s - a potion of degeneration {unknown}
 t - a potion of lignification {unknown}
 w - a potion of agility
 z - a potion of might {unknown}
 D - a potion of curing {unknown}
 E - a potion of flight {unknown}
 G - 3 potions of brilliance {unknown}
Comestibles
 f - 6 rations


   Skills:
 + Level 4.8 Fighting
 + Level 7.9 Bows
 + Level 0.7 Throwing
 * Level 1.4 Armour
 - Level 3.3 Dodging
 - Level 0.4 Stealth


You had 6 spell levels left.
You didn't know any spells.
Your spell library was empty.

Dungeon Overview and Level Annotations

Branches:
Dungeon (5/15)             Temple (0/1) D:4

Altars:
Okawaru

Annotations:
D:3 2 transporters, Johnnytightlips's ghost, amateur KoCK
D:5 Sigmund


Innate Abilities, Weirdness & Mutations

You have hooves in place of feet.
Armour fits poorly on your strangely shaped body.
You cover ground very quickly.
You have extremely tough skin. (AC +3)


Message History

You hit the worm. You kick the worm!
The worm is almost dead.
You hit the worm.
You kill the worm!
Okawaru accepts your kill.
You hear some strange, mumbled words.
You are confused.
Something hits you but does no damage. Something hits you!
* * * LOW HITPOINT WARNING * * *
Something hits you but does no damage.
You see here an arrow.
You hit something. Your kick misses something. Something hits you!
* * * LOW HITPOINT WARNING * * *
Something hits you.
* * * LOW HITPOINT WARNING * * *
You feel less confused.
You hit something. You kick something! Something hits you!
You die...

@.#..##.#..........# #.....#
..................### #......
o....@..............# ##.....
≈#...#......(.......## #......
≈...##..#..........#.# ##......
≈.............(.....###
##....###
≈..%..J......#.(....#.###...###
≈#....?..#...>..({...#.....##
................@)........##
..#.......<......).).....##
.#.......?........†.....##
##.............###......#
#..............# #......##### #
# ...)..........##(.........#
## .............#(........#.#
##.
........................####..
........##....>..###.........#


There were no monsters in sight!

Vanquished Creatures
  Purgy (Sewer)
  An ogre (D:4)
  A centaur (D:5)
  A howler monkey (D:4)
  A jelly (D:5)
  An orc wizard (D:5)
  An orc priest (D:5)
  5 worker ants (D:4)
  4 adders
  An ooze (D:1)
  2 adder skeletons (D:4)
  3 worms
  3 dart slugs
  2 leopard geckos
  9 orcs
  8 bats
  4 giant cockroaches
  10 goblins
  7 hobgoblins
  2 jackals (D:2)
  15 kobolds
  3 quokkas
  A ball python (D:2)
  6 frilled lizards
  A jackal skeleton (D:4)
  A leopard gecko skeleton (D:4)
  3 rats
97 creatures vanquished.

Notes
Turn   | Place    | Note
-------+----------+-------------------------------------------
     0 | D:1      | zishaf the Centaur Hunter began the quest for the Orb.
     0 | D:1      | Reached XP level 1. HP: 17/17 MP: 1/1
   218 | D:1      | Reached XP level 2. HP: 24/24 MP: 2/2
   405 | D:1      | Reached XP level 3. HP: 30/30 MP: 3/3
  1084 | D:2      | Found an iron altar of Okawaru.
  1091 | D:2      | Reached skill level 6 in Bows
  1162 | D:2      | Became a worshipper of Warmaster Okawaru
  1177 | D:2      | Reached XP level 4. HP: 38/38 MP: 4/4
  1182 | D:2      | Found a faded altar of an unknown god.
  1529 | D:3      | Found a transporter.
  1537 | D:3      | Noticed Johnnytightlips's ghost (amateur KoCK)
  1636 | D:3      | Found a transporter.
  2178 | D:4      | Noticed an ogre
  2209 | D:4      | Killed an ogre
  2209 | D:4      | Reached XP level 5. HP: 35/46 MP: 5/5
  2267 | D:4      | Reached skill level 7 in Bows
  2275 | D:4      | Reached XP level 6. HP: 52/52 MP: 6/6
  2297 | D:4      | Reached * piety under Okawaru
  2508 | D:4      | Found a staircase to the Ecumenical Temple.
  3071 | D:5      | Entered Level 5 of the Dungeon
  3166 | D:5      | Noticed Sigmund
  3256 | D:5      | Found a glowing drain.
  3265 | Sewer    | Entered a sewer
  3453 | Sewer    | Noticed Purgy
  3505 | Sewer    | Killed Purgy
  3505 | Sewer    | Reached skill level 1 in Armour
  3505 | Sewer    | Reached XP level 7. HP: 40/60 MP: 7/7
  3740 | D:5      | Slain by Sigmund

Vault maps used:
D:1:      dpeg_arrival_central
D:2:      okawaru_gym_becter, chequers_ecumenical_altar_island
D:3:      gammafunk_ghost_arena, kennysheep_cross_room,
          chequers_serial_rivers_marsh, kennysheep_generic_room_13
D:4:      minmay_temple_entry_fiery, first_ration
D:5:      cheibrodos_sewer_entry_drain, uniq_sigmund, uniq_eustachio
Sewer:    kennysheep_door_sewer

Skill      XL: |  1  2  3  4  5  6 |
---------------+-------------------+-----
Dodging        | 2 3 |  3.3
Bows           | 6 7 |  7.9
Fighting       | 3 4 |  4.8
Armour         | 1 |  1.4
Throwing       | |  0.7
Stealth        | |  0.4

Action                   |  1- 3 |  4- 6 |  7- 9 || total
-------------------------+-------+-------+-------++-------
Melee: Short sword       |       |    86 |       ||    86
       Kick              |       |    28 |     9 ||    37
       Dagger            |       |    14 |    19 ||    33
 Fire: Shortbow          |   138 |   106 |    11 ||   255
  Eat: Chunk             |       |     6 |       ||     6
Armor: Leather armour    |    27 |    54 |    15 ||    96
Dodge: Dodged            |    29 |    69 |    13 ||   111

Table legend:
 A = Non-vault XP
 B = Vault XP
 C = Vault XP percentage of total XP
 D = Non-vault monster count
 E = Vault monster count
 F = Vault count percentage of total count
                 A         B        C        D         E       F
            +---------+---------+-------+---------+---------+-------
      Total |     780 |     161 |  17.1 |      87 |      10 |  10.3
            +---------+---------+-------+---------+---------+-------
        D:1 |      51 |       0 |   0.0 |      25 |       0 |   0.0
        D:2 |      73 |       0 |   0.0 |      27 |       0 |   0.0
        D:3 |      23 |       5 |  17.9 |      10 |       2 |  16.7
        D:4 |     393 |       0 |   0.0 |      20 |       0 |   0.0
        D:5 |     240 |       7 |   2.8 |       5 |       2 |  28.6
      Sewer |       0 |     149 | 100.0 |       0 |       6 | 100.0
            +---------+---------+-------+---------+---------+-------
